 Dungeon Crawl Stone Soup version 0.27-a0-1291-geefcff550b (webtiles) character file.

Game seed: 9063092115129279136

6178 porpoise the Frost Mage (level 10, -9/84 HPs)
             Began as a Black Draconian Ice Elementalist on June 15, 2021.
             Was a Believer of Sif Muna.
             Killed by an exploding wyvern (24 damage)
             ... ignited by their inner flame
             ... on level 9 of the Dungeon.
             The game lasted 00:54:45 (11567 turns).

porpoise the Frost Mage (DrIE)                     Turns: 11567, Time: 00:54:47

Health: -9/84      AC: 10    Str: 10    XL:     10   Next: 60%
Magic:  10/17      EV: 13    Int: 19    God:    Sif Muna [**....]
Gold:   351        SH:  5    Dex: 12    Spells: 12/19 levels left

rFire    + . .     SeeInvis .   a - +3 trident
rCold    . . .     Faith    .   C - +0 buckler
rNeg     . . .     Spirit   .   (armour unavailable)
rPois    .         Reflect  .   (helmet restricted)
rElec    +         Harm     .   q - +0 cloak
rCorr    .         Rampage  .   (no gloves)
Will     .....                  p - +1 pair of boots
Stlth    +++.......             (no amulet)
HPRegen  0.24/turn              r - +4 ring of slaying
MPRegen  0.15/turn              g - ring of protection from fire

@: short of breath, freezing walls
A: breathe lightning, AC +7, unfitting armour, electricity resistance,
cold-blooded
a: Breathe Lightning, Renounce Religion, Channel Magic


You were on level 9 of the Dungeon.
You worshipped Sif Muna.
Sif Muna was pleased with you.
You visited 2 branches of the dungeon, and saw 10 of its levels.
You also visited: Ossuary.

You collected 351 gold pieces.

Inventory:

Hand Weapons
 a - a +3 trident (weapon)
 b - a +0 hunting sling
 w - the +4 dagger "Peth" {drain, rElec rPois Dex-2 SInv}
   (You took it off a hobgoblin on level 4 of the Dungeon)

   A truly terrible weapon, it drains the life of those it strikes.
   It affects your dexterity (-2).
   It insulates you from electricity.
   It protects you from poison.
   It lets you see invisible.
Missiles
 c - 202 stones
 d - 3 boomerangs of dispersal (quivered)
 j - 44 sling bullets
 l - 5 silver boomerangs
 m - 21 bolts
 s - 3 throwing nets
 u - 107 arrows
Armour
 p - a +1 pair of boots (worn)
 q - a +0 cloak (worn)
 C - a +0 buckler (worn)
Magical Staves
 z - a staff of death
Jewellery
 g - a ring of protection from fire (right hand)
 r - a +4 ring of slaying (left hand)
 x - a ring of protection from fire
Wands
 D - a wand of iceblast (8)
Potions
 f - 2 potions of haste
 h - a potion of berserk rage
 i - 2 potions of might
 k - a potion of magic
 n - a potion of curing
 o - a potion of resistance {unknown}
 t - 2 potions of brilliance
 A - 2 potions of flight
 E - 2 potions of lignification {unknown}


   Skills:
 + Level 6.8 Fighting
 - Level 5.0 Dodging
 + Level 4.5 Stealth
 - Level 4.0 Shields
 - Level 5.0 Spellcasting
 - Level 9.0 Ice Magic
 - Level 7.0 Invocations
 - Level 5.0 Evocations


You had 12 spell levels left.
You knew the following spells:

 Your Spells              Type           Power      Damage    Failure   Level
a - Freeze                Ice            100%       1d11      1%          1
r - Frozen Ramparts       Ice            76%        1d9       1%          3
z - Ozocubu's Armour      Ice            38%        N/A       1%          3

Your spell library contained the following spells:

 Spells                   Type           Power      Damage    Failure   Level
 Animate Skeleton         Necr           8%         N/A       12%         1
 Beastly Appendage        Tmut           8%         N/A       12%         1
 Pain                     Necr           16%        1d4       12%         1
 Wereblood                Tmut           4%         N/A       19%         2
 Hailstorm                Conj/Ice       21%        3d6       19%         4
 Ice Form                 Ice/Tmut       21%        N/A       19%         4
 Spider Form              Tmut/Pois      2%         N/A       36%         3
 Vampiric Draining        Necr           2%         2d6       36%         3
 Metabolic Englaciation   Hex/Ice        10%        N/A       47%         5
 Animate Dead             Necr           2%         N/A       77%         4
 Agony                    Necr           4%         N/A       98%         5


Dungeon Overview and Level Annotations

Branches:
Dungeon (9/15)             Temple (1/1) D:5         Ossuary (visited)
   Lair: D:8-11         Orc: D:9-12

Altars:
Cheibriados
Dithmenos
Elyvilon
Fedhas
Gozag
Hepliaklqana
Makhleb
Nemelex Xobeh
Okawaru
Qazlal
Ru
Sif Muna
Trog
Uskayaw
Vehumet
Wu Jian
Xom
Yredelemnul
Zin
The Shining One

Shops:
D:1 [   D:4 *   D:8 *

Annotations:
D:3 Grinder


Innate Abilities, Weirdness & Mutations

You can breathe wild blasts of lightning.
Your glossy black scales are hard. (AC +7)
You cannot fit into any form of body armour.
You are resistant to electric shocks. (rElec)
You are cold-blooded and may be slowed by cold attacks.


Message History

It was a scroll of immolation.
Something hits you.
* * * LOW HITPOINT WARNING * * *
Something bites you.
* * * LOW HITPOINT WARNING * * *
Something draws strength from your injuries!
As you read the scroll labelled OGHOHALYTU, it crumbles to dust.
It is a scroll of amnesia.
Really abort (and waste the scroll)?
Okay, then.
Something hits you but does no damage. You block something's attack.
As you read the scroll labelled KANUNNADWO, it crumbles to dust.
It is a scroll of enchant armour.
Your +0 pair of boots glows green for a moment.
Something hits you but does no damage. Something bites you but does no damage.
Casting: Freeze (safe; 1% risk of failure)
Confirm with . or Enter, or press ? or * to list all spells.
Casting: Frozen Ramparts (safe; 1% risk of failure)
Press: ? - help, Dir - look around, f - activate The walls around you are covered in ice.
The wall freezes the wyvern.
Flame seeps out of the wyvern.
The wyvern bites you but does no damage.
The wyvern is engulfed in blazing flames.
Flame seeps out of the wyvern.
The wall freezes the wyvern.
Flame seeps out of the wyvern.
The wyvern bites you!
* * * LOW HITPOINT WARNING * * *
The wall freezes something.
Flame seeps out of something.
Something hits you but does no damage. Something bites you but does no damage.
You feel better.
A vampire appears from thin air!
Reactivating autopickup.
The wyvern is engulfed in blazing flames.
Flame seeps out of the wyvern.
The wall freezes the wyvern.
Sif Muna accepts your kill.
The wyvern explodes!
The fiery explosion engulfs the vampire!
The vampire resists.
Flame seeps out of the vampire.
The vampire is severely damaged.
The fiery explosion engulfs you!!
Your icy armour melts away.
You resist.
You die...

#...)#...(.....?.
#....#)......(...
#....)....(......
#####
#...#............
#...##
#...#............
†....##
#.........##.....
SV....#
###.......# .##..
y.)...# #.......#
# Z.....#
#..§@§..# .....##
#..§○V..# #...##
#.....#§..# #####
#.###.#...# #.
#....>.. #
.........
##........
...(..(


You could see a vampire (inner flame, resistant).

Vanquished Creatures
  A two-headed ogre (D:9)
  Pikel (D:8)
  A hornet (D:9)
  A wyvern (D:9)
  6 yaks (D:9)
  2 steam dragons
  An acid dragon (D:8)
  A water moccasin (D:8)
  4 orc warriors
  2 ice beasts (D:7)
  2 black bears
  3 sky beasts
  2 centaurs (D:6)
  3 ogres
  3 lemures (D:8)
  4 bullfrogs
  A kobold brigand (D:8)
  3 gnoll sergeants
  5 scorpions
  2 water moccasin zombies (Ossuary)
  A killer bee (D:9)
  5 wights
  A bullfrog zombie (D:6)
  3 centaur zombies
  2 hounds
  A centaur skeleton (D:7)
  An orc priest (D:9)
  2 gnoll shamans
  2 jellies
  A bullfrog skeleton (D:4)
  3 iguanas
  2 orc wizards
  A killer bee zombie (D:6)
  A hound skeleton (D:5)
  A mummy (D:4)
  2 howler monkey zombies
  20 gnolls
  3 howler monkey skeletons
  4 adders
  A shadow imp (D:6)
  2 white imps
  2 adder zombies
  A worm (D:1)
  A dart slug (D:2)
  16 orcs
  5 ball pythons
  2 bats
  2 endoplasms (D:4)
  6 giant cockroaches
  9 hobgoblins
  3 jackals (D:2)
  8 kobolds
  9 quokkas
  4 frilled lizards
  2 gnoll zombies (Ossuary)
  5 goblins
  2 hobgoblin zombies (Ossuary)
  2 rats (D:2)
186 creatures vanquished.

Vanquished Creatures (others)
  A plant (D:1)
1 creature vanquished.

Grand Total: 187 creatures vanquished

Notes
Turn   | Place    | Note
-------+----------+-------------------------------------------
     0 | D:1      | porpoise the Draconian Ice Elementalist began the quest for
                  | the Orb.
     0 | D:1      | Reached XP level 1. HP: 14/14 MP: 3/3
   537 | D:1      | Reached XP level 2. HP: 16/20 MP: 1/5
   609 | D:1      | Found a faded altar of an unknown god.
   818 | D:1      | Found Ughoce's Armour Emporium.
  1521 | D:2      | Reached XP level 3. HP: 15/26 MP: 1/7
  1694 | D:2      | Learned a level 3 spell: Frozen Ramparts
  1698 | D:2      | Learned a level 3 spell: Ozocubu's Armour
  1887 | D:2      | Reached XP level 4. HP: 33/33 MP: 8/8
  2520 | D:3      | Reached skill level 5 in Ice Magic
  2650 | D:3      | Noticed Grinder
  2901 | D:4      | Found Ayusm's Alliterative Accessories.
  3048 | D:4      | Reached XP level 5. HP: 25/38 MP: 5/10
  3124 | D:4      | Found a sand-covered staircase.
  3132 | Ossuary  | Entered an ossuary
  3277 | Ossuary  | Reached XP level 6. HP: 11/45 MP: 12/12
  3618 | D:4      | Reached skill level 6 in Ice Magic
  3716 | D:4      | Identified the +4 dagger "Peth" {drain, rElec rPois Dex-2
                  | SInv}
  4335 | D:5      | Entered Level 5 of the Dungeon
  4590 | D:5      | Found a staircase to the Ecumenical Temple.
  4599 | Temple   | Entered the Ecumenical Temple
  4801 | Temple   | Became a worshipper of Sif Muna the Loreminder
  4828 | D:5      | Reached skill level 5 in Spellcasting
  4858 | D:5      | Reached skill level 1 in Fighting
  4858 | D:5      | Your scales start taking on a glossy black colour.
  4858 | D:5      | Reached XP level 7. HP: 52/52 MP: 10/14
  4858 | D:5      | Gained mutation: You are resistant to electric shocks.
                  | (rElec) [Black Draconian growth]
  5156 | D:5      | Reached skill level 7 in Ice Magic
  5514 | D:5      | You fall into a shaft and drop 3 floors!
  5968 | D:6      | Found a radiant altar of Vehumet.
  5970 | D:6      | Found a blossoming altar of Fedhas.
  5972 | D:6      | Found a hide-covered altar of Uskayaw.
  6150 | D:5      | Found a snail-covered altar of Cheibriados.
  6342 | D:5      | Reached XP level 8. HP: 51/67 MP: 7/15
  6890 | D:6      | Reached skill level 5 in Fighting
  6915 | D:6      | Reached skill level 1 in Evocations
  7055 | D:6      | Reached * piety under Sif Muna
  7633 | D:6      | Reached skill level 5 in Dodging
  7764 | D:7      | Reached skill level 1 in Invocations
  7885 | D:7      | Reached XP level 9. HP: 72/74 MP: 11/16
  8021 | D:7      | Reached skill level 5 in Evocations
  9154 | D:8      | Reached skill level 5 in Invocations
  9283 | D:8      | Reached skill level 1 in Shields
  9740 | D:8      | Found Cifyqewko's Serpentskin Sales.
  9862 | D:8      | Reached ** piety under Sif Muna
  9976 | D:8      | Reached skill level 8 in Ice Magic
 10090 | D:8      | Found a bloodstained altar of Trog.
 10108 | D:8      | Found a basalt altar of Yredelemnul.
 10112 | D:8      | Noticed Pikel
 10125 | D:8      | Killed Pikel
 10495 | D:9      | Paralysed by a hornet for 1 turns
 10501 | D:9      | Reached XP level 10. HP: 44/80 MP: 13/17
 10524 | D:9      | Reached skill level 9 in Ice Magic
 10849 | D:9      | Noticed a two-headed ogre
 10863 | D:9      | Killed a two-headed ogre
 11567 | D:9      | Killed by an exploding wyvern... ignited by their inner
                  | flame

Illustrated notes

Levels and vault maps discovered:
D:1:      co_arrival_random_square_maze, layout_loops_corners, serial_shops,
          shop, hellmonk_ecumenical_altar_leap_of_faith, serial_bayou_lake_a
D:2:      layout_rooms, minmay_statues_item, minmay_pentomino_v4
D:3:      layout_basic, gammafunk_ghost_cemetery, uniq_grinder
D:4:      layout_loops_ring, gup_ossuary_entry_pyramid, nicolae_alphabet_shops,
          minmay_fountain_box, grunt_ministairs_12
D:5:      layout_layer_cave, kennysheep_little_box,
          minmay_temple_entry_stoned_glass
D:6:      layout_basic, grunt_temple_overflow_diamond,
          minmay_misc_feat_ornament, kennysheep_cross_room
D:7:      layout_rooms
D:8:      cheibrodos_quashed, layout_loops_ring, trog_book, lemuel_round_altar,
          guppyfry_shop_venom, uniq_pikel
D:9:      minmay_octagon_keep, layout_basic, kennysheep_mini_moat,
          nicolae_overflow_crystal_walls, uniq_erolcha
Temple:   eino_temple_water

Skill      XL: |  1  2  3  4  5  6  7  8  9 10 |
---------------+-------------------------------+-----
Spellcasting   | 3 4 5 |  5.0
Ice Magic      | 5 6 7 8 9 |  9.0
Fighting       | 1 4 5 6 |  6.8
Dodging        | 3 5 |  5.0
Evocations     | 4 5 |  5.0
Invocations    | 2 6 7 |  7.0
Shields        | 4 |  4.0
Stealth        | 4 |  4.5

Action                   |  1- 3 |  4- 6 |  7- 9 | 10-12 || total
-------------------------+-------+-------+-------+-------++-------
Melee: Unarmed           |     8 |       |       |       ||     8
       Short sword       |       |    17 |     5 |       ||    22
       Tailslap          |       |     1 |       |     3 ||     4
       Trident           |       |       |       |    20 ||    20
 Fire: Hunting sling     |    40 |   152 |   247 |    43 ||   482
Throw: Dart              |       |       |       |     1 ||     1
 Cast: Freeze            |    33 |    26 |    41 |    19 ||   119
       Frozen Ramparts   |       |     2 |    28 |    12 ||    42
       Ozocubu's Armour  |       |       |     2 |     3 ||     5
 Abil: Breathe Lightning |       |       |     1 |     1 ||     2
Evoke: Wand              |       |       |       |     1 ||     1
  Use: Scroll            |       |     6 |     6 |     4 ||    16
       Potion            |       |     1 |       |     4 ||     5
Armor: Skin              |     9 |    20 |    44 |    29 ||   102
Dodge: Dodged            |    16 |    45 |    94 |    35 ||   190
Block: Buckler           |       |       |     8 |    17 ||    25

Table legend: (Time is in decaauts)
 A = Elapsed time spent in this place.
 B = Non-inter-level travel time spent in this place.
 C = Inter-level travel time spent in this place.
 D = Time resting spent in this place.
 E = Time spent auto-exploring this place.
 F = Levels seen in this place.
 G = Mean time per level.
                   A        B        C        D        E       F      G
               +--------+--------+--------+--------+--------+-----+--------+
         Total |  11681 |  11477 |    204 |   4592 |   5109 |  11 | 1061.9 |
       Dungeon |  11056 |  10890 |    166 |   4284 |   4932 |   9 | 1228.4 |
        Temple |    216 |    178 |     38 |      0 |    177 |   1 |  216.0 |
       Ossuary |    407 |    407 |      0 |    308 |      0 |   1 |  407.0 |
               +--------+--------+--------+--------+--------+-----+--------+

Top non-repeatable levels by time:
     D:5: 1695 daAuts
     D:8: 1513 daAuts
     D:1: 1455 daAuts
     D:6: 1453 daAuts
     D:7: 1329 daAuts
     D:4: 1142 daAuts
     D:9: 1091 daAuts
     D:2: 981 daAuts
 Ossuary: 407 daAuts
     D:3: 395 daAuts
  Temple: 216 daAuts
